 Dungeon Crawl Stone Soup version 0.21.0-24-g2553a33 (webtiles) character file.

44097 ScottishVillain the Cruncher (level 13, -14/104 HPs)
             Began as a Demonspawn Wanderer on Jan 19, 2018.
             Was an Elder of Qazlal.
             Killed from afar by a fire dragon (20 damage)
             ... with a blast of flame
             ... on level 2 of the Depths.
             The game lasted 02:22:00 (15843 turns).

ScottishVillain the Cruncher (Demonspawn Wanderer) Turns: 15843, Time: 02:22:05

Health: -14/104    AC: 17    Str: 20    XL:     13   Next: 94%
Magic:  7/19       EV: 23    Int: 17    God:    Qazlal [****..]
Gold:   586        SH:  5    Dex: 20    Spells: 10/17 levels left

rFire    + . .     SeeInvis +   a - +5 quarterstaff
rCold    + . .     Gourm    .   (shield currently unavailable)
rNeg     . . .     Faith    +   G - +1 acid dragon scales
rPois    +         Spirit   .   b - +1 helmet {SInv}
rElec    +         Reflect  .   i - scarf {repulsion}
rCorr    +         Harm     .   v - +2 pair of gloves
MR       +....                  (no boots)
Stlth    ++........             x - amulet of faith
HPRegen  1.07/turn              L - +3 ring of strength
MPRegen  0.16/turn              D - +3 ring of strength

@: agile, resistant, repel missiles
A: talons 2, thin metallic scales 2, clever 1, foul stench 1, magic resistance
1, regeneration 2, spiny 2, rot immunity
a: Upheaval, Elemental Force, Renounce Religion


You were on level 2 of the Depths.
You worshipped Qazlal.
Qazlal was greatly pleased with you.
You were not hungry.

You visited 3 branches of the dungeon, and saw 18 of its levels.
You also visited: Ossuary.

You collected 1039 gold pieces.
You spent 453 gold pieces at shops.

Inventory:

Hand Weapons
 a - a +5 quarterstaff (weapon)
 e - the +0 dagger of Ulychew {venom, rPois rC+ Dex+3}
   (You found it on level 8 of the Dungeon)

   It poisons the flesh of those it strikes.
   It affects your dexterity (+3).
   It protects you from cold.
   It protects you from poison.
 n - a +0 battleaxe of electrocution
 s - a +1 hand axe of freezing
 P - a +0 arbalest
Missiles
 l - a throwing net
 w - 3 javelins of penetration (quivered)
 Q - 32 bolts
Armour
 b - a +1 helmet of see invisible (worn)
 i - a scarf of repulsion (worn)
 v - a +2 pair of gloves (worn)
 G - +1 acid dragon scales (worn)
 H - +0 steam dragon scales
Magical Staves
 O - an uncursed staff of wizardry
Jewellery
 m - an uncursed ring of resist corrosion
 x - an amulet of faith (around neck)
 D - a +3 ring of strength (right hand)
 L - a +3 ring of strength (left hand)
Wands
 d - a wand of enslavement (41)
 o - a wand of acid (4)
 u - a wand of paralysis (11)
 B - a wand of polymorph (14)
 J - a wand of random effects (14)
Scrolls
 c - 7 scrolls of teleportation
 p - 10 scrolls of identify
 y - 3 scrolls of blinking
 E - a scroll of fog
 F - 11 scrolls of remove curse
Potions
 g - 2 potions of flight
 q - a potion of cancellation
 t - a potion of mutation
 C - 3 potions of brilliance
Books
 h - a book of Necromancy

   Spells                             Type                      Level
   a - Pain                           Necromancy                   1
   b - Animate Skeleton               Necromancy                   1
   c - Vampiric Draining              Necromancy                   3
   d - Regeneration                   Charms/Necromancy            3
   e - Animate Dead                   Necromancy                   4
   f - Borgnjor's Vile Clutch         Necromancy/Earth             5
 j - a book of Frost

   Spells                             Type                      Level
   a - Freeze                         Ice                          1
   b - Throw Frost                    Conjuration/Ice              2
   c - Ozocubu's Armour               Charms/Ice                   3
   d - Throw Icicle                   Conjuration/Ice              4
   e - Summon Ice Beast               Ice/Summoning                4
 r - a book of Air

   Spells                             Type                      Level
   a - Shock                          Conjuration/Air              1
   b - Swiftness                      Charms/Air                   2
   c - Static Discharge               Conjuration/Air              3
   d - Airstrike                      Air                          4
   e - Lightning Bolt                 Conjuration/Air              5
 I - a book of Minor Magic

   Spells                             Type                      Level
   a - Magic Dart                     Conjuration                  1
   b - Blink                          Translocation                2
   c - Call Imp                       Summoning                    2
   d - Slow                           Hexes                        2
   e - Conjure Flame                  Conjuration/Fire             3
   f - Mephitic Cloud                 Conjuration/Poison/Air       3
Comestibles
 f - 12 rations


   Skills:
 + Level 10.4 Fighting
   Level 1.7 Long Blades
 + Level 13.6 Staves
 + Level 4.4 Throwing
 + Level 6.6 Armour
 + Level 8.2 Dodging
 + Level 4.5 Stealth
   Level 4.0 Shields
 + Level 2.7 Spellcasting
 + Level 2.2 Summonings
 + Level 1.2 Translocations
 + Level 8.4 Invocations
 + Level 4.7 Evocations


You had 10 spell levels left.
You knew the following spells:

 Your Spells              Type           Power        Failure   Level  Hunger
a - Call Imp              Summ           ##......     14%         2    ##.....
b - Blink                 Tloc           N/A          21%         2    ##.....
c - Vampiric Draining     Necr           #.........   56%         3    ###....


Dungeon Overview and Level Annotations

Branches:
Dungeon (15/15)            Temple (1/1) D:4            Lair (0/6) D:11
    Orc (0/2) D:12         Vaults (0/5) D:13         Depths (2/5) D:15

Altars:
Ashenzari
Cheibriados
Dithmenos
Elyvilon
Fedhas
Gozag
Hepliaklqana
Kikubaaqudgha
Makhleb
Nemelex Xobeh
Okawaru
Qazlal
Ru
Sif Muna
Trog
Uskayaw
Vehumet
Xom
Yredelemnul
Zin
The Shining One

Shops:
D:5 (   D:6 *   D:9 =[

Portals:
Trove: D:12 (give 12 potions of heal wounds)

Annotations:
D:15 exclusion: Roxanne, Roxanne


Innate Abilities, Weirdness & Mutations

You have razor-sharp toenails.
You are mostly covered in thin metallic scales. (AC +3)
You may emit foul miasma when damaged in melee.
You are mostly covered in sharp spines.
You are immune to rotting.
Your mind is acute. (Int +2)
You are resistant to hostile enchantments. (MR+)
You heal very quickly.


Message History

* * * LOW HITPOINT WARNING * * *
The fire dragon bites you but does no damage.
You block the fire dragon's attack. The fire dragon barely misses you.
Evoke which item? (* to show all) (? for menu, Esc to quit)
Aiming: Corrosive Bolt
Press: ? - help, Shift-Dir - straight line, f - fire dragon
Aim: a fire dragon (severely wounded, catching its breath)
The bolt of acid hits the fire dragon.
The fire dragon appears unharmed.
The fire dragon is severely wounded.
You hear an angry buzzing noise.
You block the fire dragon's attack. The fire dragon closely misses you.
The fire dragon barely misses you.
A spark wasp comes into view.
A red ugly thing comes into view.
You hear a horrible gurgling sound!
The fire dragon is engulfed in freezing vapours.
The fire dragon breathes flames at you.
The blast of flame hits the fire dragon.
The fire dragon resists.
The blast of flame hits you! You resist.
You die...

≈..........#
≈...##.(...
≈≈........##
.........†<.###
≈.≈..y...(....#
..≈≈.C..).....#
#..≈....†#.#.##
#....§..#####
#.....§@##
uu.##..D.## ≈≈
##§§D.# ≈
##...# #####


You could see 2 fire dragons, 2 ugly things, an ettin and a spark wasp.

Vanquished Creatures
  Kirke (D:15)
  A frost giant (D:15)
  3 centaur warriors
  10 two-headed ogres
  2 tengu warriors
  2 unseen horrors
  A deep elf mage (D:15)
  6 cyclopes
  3 ugly things
  The ghost of bmj180 the Cutter, a novice HaFi of Okawaru (D:6)
  Maurice (D:12)
  2 gargoyles
  A rime drake (shapeshifter) (D:15)
  A freezing wraith (D:13)
  2 yaktaurs
  A tengu conjurer (D:14)
  2 komodo dragons
  A merfolk (shapeshifter) (D:13)
  A hornet (D:12)
  6 trolls
  2 hippogriffs
  A hornet (shapeshifter) (D:15)
  A wolf spider simulacrum (D:14)
  Grinder (D:6)
  4 slime creatures (D:13)
  A vampire (D:12)
  2 wraiths
  17 yaks
  2 shadows
  2 steam dragons
  2 hogs (D:15)
  4 hungry ghosts
  Duvessa (D:6)
  A water moccasin (D:8)
  5 ice beasts
  10 orc warriors
  7 sky beasts
  2 hell hounds (D:11)
  7 phantoms
  3 necrophages
  7 ogres
  8 centaurs
  A big kobold (D:10)
  12 bullfrogs
  A gnoll sergeant (D:10)
  Dowan (D:6)
  3 scorpions
  4 troll zombies (D:12)
  7 killer bees
  17 wights
  A howler monkey (D:5)
  2 electric eels (D:15)
  2 bullfrog zombies
  5 centaur zombies
  4 crimson imps
  2 quasits
  6 centaur skeletons
  10 hounds
  16 orc wizards
  4 bullfrog skeletons
  14 orc priests
  3 jellies
  3 iguanas
  Terence (D:2)
  14 worker ants
  A big kobold zombie (Ossuary)
  3 ogre zombies
  A hound zombie (D:8)
  A hound skeleton (D:10)
  7 mummies (Ossuary)
  A howler monkey zombie (D:5)
  Robin (D:2)
  3 gnolls (D:10)
  2 worker ant zombies
  2 howler monkey skeletons
  8 adders
  4 shadow imps
  3 oozes
  An adder zombie (Ossuary)
  2 adder skeletons (D:4)
  4 worms
  2 dart slugs
  5 leopard geckos
  57 orcs
  4 giant cockroaches
  12 goblins
  9 hobgoblins
  8 jackals
  8 kobolds
  9 quokkas
  A ball python (D:4)
  6 bats
  6 frilled lizards
  A goblin skeleton (D:12)
  4 goblin zombies
  A hobgoblin skeleton (D:12)
  4 hobgoblin zombies
  A jackal skeleton (D:4)
  3 kobold zombies (Ossuary)
  A leopard gecko zombie (D:8)
  2 orc skeletons (D:12)
  8 orc zombies (D:12)
  8 quokka zombies (Ossuary)
  6 rats
  2 rat zombies (Ossuary)
  A plant (D:3)
484 creatures vanquished.

Vanquished Creatures (collateral kills)
  Nessos (D:15)
  A centaur warrior (D:15)
  An ogre mage (D:12)
  2 two-headed ogres
  3 ugly things (Depths:2)
  A gargoyle (D:15)
  A troll (D:14)
  A slime creature (D:14)
  A vampire (D:13)
  A hog (D:15)
  A basilisk (D:12)
  An orc warrior (D:9)
  A gnoll (D:10)
  An orc (D:12)
  2 orc zombies (D:12)
19 creatures vanquished.

Vanquished Creatures (others)
  An ogre mage (D:15)
  An unseen horror (D:15)
  A wizard (D:13)
  A hog (D:15)
  A human (D:15)
  An acid dragon (D:13)
  A sky beast (D:14)
  An orc priest (D:8)
  2 orcs (D:8)
  A kobold (D:10)
  A frilled lizard (D:4)
  12 plants (D:14)
24 creatures vanquished.

Grand Total: 527 creatures vanquished

Notes
Turn   | Place    | Note
-------+----------+-------------------------------------------
     0 | D:1      | ScottishVillain the Demonspawn Wanderer began the quest for the Orb.
     0 | D:1      | ScottishVillain set off with: a +2 quarterstaff, a potion of lignification, a scroll of teleportation, a +0 robe, a ration
     0 | D:1      | Reached XP level 1. HP: 18/18 MP: 1/1
   274 | D:1      | Gained mutation: You are immune to rotting. [demonic ancestry]
   274 | D:1      | Reached XP level 2. HP: 24/24 MP: 2/2
   545 | D:1      | Reached skill level 2 in Staves
   896 | D:2      | Noticed Terence
   930 | D:2      | Gained mutation: You have sharp toenails. [demonic ancestry]
   930 | D:2      | Reached XP level 3. HP: 4/29 MP: 3/3
   937 | D:2      | Killed Terence
  1451 | D:2      | Reached skill level 1 in Armour
  1451 | D:2      | Gained mutation: You are partially covered in sharp spines. [demonic ancestry]
  1451 | D:2      | Reached XP level 4. HP: 27/37 MP: 4/4
  1601 | D:2      | Noticed Robin
  1766 | D:2      | Reached skill level 3 in Staves
  2043 | D:2      | Killed Robin
  2556 | D:3      | Gained mutation: You have razor-sharp toenails. [demonic ancestry]
  2556 | D:3      | Reached XP level 5. HP: 42/42 MP: 5/5
  3022 | D:3      | Found a blossoming altar of Fedhas.
  3467 | D:3      | You fall through a shaft for 2 floors!
  3467 | D:5      | Entered Level 5 of the Dungeon
  3537 | D:5      | Found an ancient bone altar of Kikubaaqudgha.
  3544 | D:5      | Found a sacrificial altar of Ru.
  3550 | D:5      | Found a glowing silver altar of Zin.
  3937 | D:4      | Reached XP level 6. HP: 42/48 MP: 6/6
  3963 | D:4      | Found a sand-covered staircase.
  4019 | Ossuary  | Entered an ossuary
  4170 | Ossuary  | Reached skill level 4 in Staves
  4659 | Ossuary  | Reached XP level 7. HP: 55/55 MP: 7/7
  4737 | Ossuary  | Gained mutation: Your natural rate of healing is unusually fast. [potion of mutation]
  4737 | Ossuary  | Gained mutation: You possess an exceptional clarity of mind. [potion of mutation]
  4737 | Ossuary  | Gained mutation: You are agile. (Dex +2) [potion of mutation]
  6008 | Ossuary  | Lost mutation: You possess an exceptional clarity of mind. [potion of mutation]
  6008 | Ossuary  | Lost mutation: You are agile. (Dex +2) [potion of mutation]
  6008 | Ossuary  | Gained mutation: Scrolls take you a little longer to read. [potion of mutation]
  6008 | Ossuary  | Gained mutation: You are clumsy. (Dex -2) [potion of mutation]
  6008 | Ossuary  | Gained mutation: Your magical capacity is low. (-10% MP) [potion of mutation]
  6008 | Ossuary  | Lost mutation: You are clumsy. (Dex -2) [potion of mutation]
  6055 | D:4      | Found a white marble altar of Elyvilon.
  6191 | D:4      | Reached skill level 5 in Staves
  6297 | D:4      | Reached skill level 1 in Throwing
  6462 | D:4      | Found a staircase to the Ecumenical Temple.
  6471 | Temple   | Entered the Ecumenical Temple
  6540 | Temple   | Became a worshipper of Qazlal Stormbringer
  6748 | D:5      | Reached skill level 5 in Fighting
  6748 | D:5      | Gained mutation: You may emit foul miasma when damaged in melee. [demonic ancestry]
  6748 | D:5      | Reached XP level 8. HP: 17/62 MP: 0/7
  6853 | D:5      | Reached * piety under Qazlal
  6862 | D:5      | Lost mutation: Your magical capacity is low. (-10% MP) [potion of mutation]
  6862 | D:5      | Lost mutation: Scrolls take you a little longer to read. [potion of mutation]
  6862 | D:5      | Gained mutation: Your mind is acute. (Int +2) [potion of mutation]
  6862 | D:5      | Gained mutation: You heal very quickly. [potion of mutation]
  6862 | D:5      | Gained mutation: You are resistant to hostile enchantments. (MR+) [potion of mutation]
  6915 | D:5      | Reached skill level 6 in Staves
  7069 | D:5      | Found Fibry's Weapon Shoppe.
  7081 | D:5      | Bought a +0 battleaxe of electrocution for 218 gold pieces
  7165 | D:6      | Found a basalt altar of Yredelemnul.
  7166 | D:6      | Found a radiant altar of Vehumet.
  7179 | D:6      | Noticed Grinder
  7195 | D:6      | Killed Grinder
  7494 | D:6      | Noticed bmj180's ghost (novice HaFi)
  7508 | D:6      | Killed bmj180's ghost
  7508 | D:6      | Reached skill level 7 in Staves
  7508 | D:6      | Reached XP level 9. HP: 59/69 MP: 9/9
  7713 | D:6      | Reached ** piety under Qazlal
  7741 | D:6      | Found Uckir's Elemental Accessories.
  7745 | D:6      | Noticed Duvessa
  7748 | D:6      | Noticed Dowan
  7751 | D:6      | Killed Duvessa
  7756 | D:6      | Killed Dowan
  8622 | D:7      | Reached skill level 8 in Staves
  8622 | D:7      | Reached skill level 5 in Armour
  8732 | D:7      | Learned a level 2 spell: Call Imp
  8735 | D:7      | Learned a level 2 spell: Blink
  8842 | D:7      | Found a shattered altar of Ashenzari.
  9097 | D:8      | Reached skill level 1 in Evocations
  9285 | D:8      | Reached skill level 1 in Spellcasting
  9293 | D:8      | Reached *** piety under Qazlal
  9474 | D:8      | Found a sparkling altar of Nemelex Xobeh.
  9500 | D:8      | Learned a level 3 spell: Vampiric Draining
  9625 | D:8      | Reached skill level 1 in Summonings
  9625 | D:8      | Gained mutation: You are partially covered in thin metallic scales. (AC +2) [demonic ancestry]
  9625 | D:8      | Reached XP level 10. HP: 77/77 MP: 12/12
 10307 | D:8      | Got an ebony dagger
 10438 | D:9      | Reached skill level 9 in Staves
 10533 | D:9      | Found a glowing golden altar of the Shining One.
 10604 | D:9      | Found Wotzuemu's Jewellery Emporium.
 10660 | D:9      | Bought a +3 ring of strength for 235 gold pieces
 10685 | D:9      | Found Jaryer's Armour Shop.
 10735 | D:9      | Reached **** piety under Qazlal
 11115 | D:10     | Entered Level 10 of the Dungeon
 11127 | D:10     | Reached skill level 1 in Invocations
 11294 | D:10     | Reached skill level 5 in Dodging
 11809 | D:10     | Gained mutation: You are mostly covered in sharp spines. [demonic ancestry]
 11809 | D:10     | Reached XP level 11. HP: 75/84 MP: 14/14
 12122 | D:11     | Noticed a cyan ugly thing
 12132 | D:11     | Killed a cyan ugly thing
 12178 | D:11     | Reached skill level 10 in Staves
 12361 | D:11     | Found a staircase to the Lair.
 12465 | D:11     | Noticed a red ugly thing
 12479 | D:11     | Killed a red ugly thing
 12494 | D:11     | Reached ***** piety under Qazlal
 12540 | D:11     | Reached skill level 11 in Staves
 12704 | D:11     | Identified the +0 dagger of Ulychew {venom, rPois rC+ Dex+3} (You found it on level 8 of the Dungeon)
 12769 | D:12     | Noticed an ogre mage
 12769 | D:12     | Noticed a two-headed ogre
 12769 | D:12     | Noticed a two-headed ogre
 12769 | D:12     | Noticed a two-headed ogre
 12769 | D:12     | Noticed a two-headed ogre
 12776 | D:12     | Noticed a two-headed ogre
 12780 | D:12     | Killed a two-headed ogre
 12781 | D:12     | Killed an ogre mage
 12782 | D:12     | Killed a two-headed ogre
 12793 | D:12     | Killed a two-headed ogre
 12793 | D:12     | Reached XP level 12. HP: 8/94 MP: 2/15
 12814 | D:12     | Killed a two-headed ogre
 12816 | D:12     | Found a portal to a secret trove of treasure.
 12874 | D:12     | Killed a two-headed ogre
 12874 | D:12     | Reached skill level 1 in Translocations
 12882 | D:12     | Noticed Maurice
 12902 | D:12     | Killed Maurice
 13025 | D:12     | Reached skill level 5 in Invocations
 13693 | D:12     | Found a staircase to the Orcish Mines.
 13875 | D:13     | Reached skill level 12 in Staves
 13887 | D:13     | Noticed a centaur warrior
 13891 | D:13     | Killed a centaur warrior
 13963 | D:13     | Noticed a two-headed ogre
 13973 | D:13     | Killed a two-headed ogre
 14203 | D:13     | Found a gate to the Vaults.
 14437 | D:14     | Gained mutation: You are mostly covered in thin metallic scales. (AC +3) [demonic ancestry]
 14437 | D:14     | Reached XP level 13. HP: 89/101 MP: 11/17
 14470 | D:14     | HP: 4/101 [freezing wraith (4)]
 14673 | D:15     | Entered Level 15 of the Dungeon
 14978 | D:15     | Noticed Roxanne
 15165 | D:15     | Noticed Kirke
 15190 | D:15     | Reached skill level 13 in Staves
 15220 | D:15     | Reached skill level 10 in Fighting
 15238 | D:15     | Killed Kirke
 15417 | D:15     | Noticed Nessos
 15439 | D:15     | Killed Nessos
 15765 | D:15     | Noticed a frost giant
 15767 | D:15     | Found a staircase to the Depths.
 15780 | D:15     | Killed a frost giant
 15795 | Depths:1 | Entered Level 1 of the Depths
 15795 | Depths:1 | Noticed a fire dragon
 15812 | Depths:1 | Noticed a fire dragon
 15826 | Depths:2 | Noticed a fire dragon
 15840 | Depths:2 | Noticed an ettin
 15841 | Depths:2 | HP: 4/104 [fire dragon/blast of flame (17)]
 15843 | Depths:2 | Noticed a spark wasp
 15843 | Depths:2 | Killed from afar by a fire dragon

Skill      XL: |  1  2  3  4  5  6  7  8  9 10 11 12 13 |
---------------+----------------------------------------+-----
Staves         | 2 3 4 5 7 8 9 11 12 13 | 13.6
Armour         | 1 2 3 4 5 6 |  6.6
Dodging        | 2 3 4 5 6 7 8 |  8.2
Fighting       | 4 5 6 7 8 9 10 | 10.4
Stealth        | 2 3 4 |  4.5
Throwing       | 1 2 3 4 |  4.4
Evocations     | 1 2 3 4 |  4.7
Spellcasting   | 1 2 |  2.7
Summonings     | 1 2 |  2.2
Invocations    | 1 4 6 8 |  8.4
Shields        | 2 3 4 |  4.0
Translocations | 1 |  1.2
Long Blades    | |  1.7

Action                   |  1- 3 |  4- 6 |  7- 9 | 10-12 | 13-15 || total
-------------------------+-------+-------+-------+-------+-------++-------
Melee: Quarterstaff      |    60 |   168 |   248 |   536 |   168 ||  1180
       Kick              |     1 |    35 |    59 |   187 |    74 ||   356
Throw: Javelin           |       |    15 |    10 |    27 |    11 ||    63
       Throwing net      |       |       |       |       |     4 ||     4
 Cast: Call Imp          |       |       |     3 |     4 |       ||     7
       Blink             |       |       |     1 |     2 |       ||     3
Invok: Upheaval          |       |       |     1 |       |     1 ||     2
       Elemental Force   |       |       |       |     9 |     5 ||    14
       Disaster Area     |       |       |       |     1 |     2 ||     3
Evoke: Wand              |       |     2 |     6 |    31 |    15 ||    54
  Use: Scroll            |     4 |     5 |    11 |     8 |     1 ||    29
       Potion            |     1 |     2 |    14 |     4 |     5 ||    26
 Stab: Distracted        |     1 |       |       |       |       ||     1
       Sleeping          |       |     8 |     1 |       |       ||     9
       Paralysed         |       |       |     5 |     3 |       ||     8
  Eat: Ration            |     1 |     2 |     5 |     6 |     1 ||    15
       Chunk             |     1 |       |       |     1 |       ||     2
Armor: Leather armour    |    24 |    34 |    13 |       |       ||    71
       Skin              |     6 |    51 |       |       |       ||    57
       Ring mail         |       |       |    50 |       |       ||    50
       Acid dragon scale |       |       |    17 |   157 |    57 ||   231
Dodge: Dodged            |    30 |    78 |   123 |   289 |   150 ||   670
       Deflected         |       |       |       |     9 |    13 ||    22
Block: Other             |       |       |    11 |   126 |    48 ||   185
